 Dungeon Crawl Stone Soup version 0.27-a0-1036-g8e1b44f6bd (webtiles) character file.

Game seed: 10979398628329863110

60 sizableburger the Magician (level 3, -8/26 HPs)
             Began as a Mummy Air Elementalist on Apr 19, 2021.
             Mangled by Natasha (10 damage)
             ... on level 1 of the Dungeon.
             The game lasted 00:08:08 (1613 turns).

sizableburger the Magician (Mummy Air Elementalist) Turns: 1613, Time: 00:08:09

Health: -8/26      AC:  2    Str: 11    XL:     3   Next: 80%
Magic:  0/7        EV: 12    Int: 15    God:
Gold:   50         SH:  0    Dex: 12    Spells: 2/8 levels left

rFire    x . .     SeeInvis .   (no weapon)
rCold    + . .     Faith    .   (no shield)
rNeg     + + +     Spirit   .   a - +0 robe
rPois    ∞         Reflect  .   b - +0 hat
rElec    .         Harm     .   (no cloak)
rCorr    .         Rampage  .   (no gloves)
Will     .....                  (no boots)
Stlth    ++........             (no amulet)
HPRegen  0.08/turn              (no ring)
MPRegen  0.10/turn              (no ring)

@: slowed, very slow
A: cold resistance 1, negative energy resistance 3, torment resistance 2,
unbreathing 1, heat vulnerability 1, no potions
a: no special abilities


You were on level 1 of the Dungeon.
You visited 1 branch of the dungeon, and saw 2 of its levels.

You collected 50 gold pieces.

Inventory:

Armour
 a - a +0 robe (worn)
 b - a +0 hat (worn)


   Skills:
 + Level 1.3 Fighting
 - Level 1.5 Dodging
 - Level 1.5 Stealth
 + Level 3.3 Spellcasting
 + Level 1.2 Conjurations
 + Level 3.2 Air Magic


You had 2 spell levels left.
You knew the following spells:

 Your Spells              Type           Power      Damage    Failure   Level
a - Shock                 Conj/Air       36%        1d5       8%          1
b - Static Discharge      Conj/Air       9%         N/A       12%         2
c - Swiftness             Air            12%        N/A       16%         3

Your spell library contained the following spells:

 Spells                   Type           Power      Damage    Failure   Level
 Airstrike                Air            6%         N/A       45%         4
 Lightning Bolt           Conj/Air       4%         1d16      91%         5


Dungeon Overview and Level Annotations

Branches:
Dungeon (2/15)

Altars:
Qazlal

Annotations:
D:1 Natasha


Innate Abilities, Weirdness & Mutations

You are immune to poison.
Your flesh is cold resistant. (rC+)
You are immune to negative energy. (rN+++)
You are immune to unholy pain and torment.
You can survive without breathing.
You are vulnerable to heat. (rF-)
You do not drink.


Message History

It was a scroll of blinking.
Natasha wildly gestures.
Natasha's front paws start to glow.
Natasha stares at you and mumbles some strange words.
You feel yourself slow down.
As you read the scroll labelled FEICEXIETZ, it crumbles to dust.
It is a scroll of identify.
You don't have any unidentified items.
Natasha casts a spell at you. You resist with some effort. Natasha misses you.
You are too injured to fight recklessly!
Unknown command.
Natasha barely misses you. Natasha closely misses you.
Casting: Shock (safe; 8% risk of failure)
Confirm with . or Enter, or press ? or * to list all spells.
Natasha is struck by an arc of lightning.
Natasha is severely wounded.
The lightning grounds out.
Natasha stares at you and mumbles some strange words.
The magic dart hits you.
* * * LOW HITPOINT WARNING * * *
Unknown command.
You barely miss Natasha.
Natasha is severely wounded.
Natasha closely misses you. Natasha barely misses you.
You closely miss Natasha.
Natasha is severely wounded.
Natasha claws you.
* * * LOW HITPOINT WARNING * * *
Unknown command.
You barely miss Natasha.
Natasha is severely wounded.
Natasha stares at you and mumbles some strange words.
You resist with some effort. Natasha barely misses you.
Unknown command.
You hit Natasha.
Natasha is almost dead.
Natasha claws you!
You die...

##.##....# #......# #.#
.#....###########.....# #.#
..##..#........#.h....# #.#
#.....................# #.#
#..#............#.....# #.#
#.#####........##.....# #.#
..>............##########.#####
..#####........h.####.........#
#.# #........#@...#.........#
..# #........####.#.........#
.## #.......!# #.#.........# ##
#........# #.##..#######
################ #.##.##
......###### ####.##.#
#####.#....# #.......#
...........# ##.#...###
#####.#....####....###


You could see Natasha.

Vanquished Creatures
  Natasha (D:2)
  A gnoll (D:1)
  An endoplasm (D:1)
  3 giant cockroaches (D:1)
  A goblin (D:1)
  4 hobgoblins (D:1)
  5 jackals
  A quokka (D:1)
  A ball python (D:1)
  3 bats (D:1)
  A frilled lizard (D:1)
  A rat (D:1)
23 creatures vanquished.

Notes
Turn   | Place    | Note
-------+----------+-------------------------------------------
     0 | D:1      | sizableburger the Mummy Air Elementalist began the quest
                  | for the Orb.
     0 | D:1      | Reached XP level 1. HP: 13/13 MP: 4/4
   284 | D:1      | Reached XP level 2. HP: 20/20 MP: 3/5
   602 | D:1      | Found a faded altar of an unknown god.
   767 | D:1      | Learned a level 2 spell: Static Discharge
  1070 | D:1      | Reached XP level 3. HP: 25/25 MP: 4/7
  1074 | D:1      | Learned a level 3 spell: Swiftness
  1110 | D:1      | Reached skill level 1 in Conjurations
  1144 | D:1      | Reached skill level 1 in Fighting
  1357 | D:1      | Found a stormy altar of Qazlal.
  1428 | D:2      | Noticed Natasha
  1434 | D:2      | Killed Natasha
  1542 | D:2      | Noticed Natasha
  1613 | D:1      | Mangled by Natasha

Illustrated notes

Levels and vault maps discovered:
D:1:      dpeg_arrival_water_altar, layout_rooms,
          chequers_ecumenical_altar_simple_redux
D:2:      layout_rooms, minmay_misc_feat_tiny, uniq_crazy_yiuf_cottage,
          uniq_natasha

Skill      XL: |  1  2  3 |
---------------+----------+-----
Spellcasting   | 3 |  3.3
Air Magic      | 3 |  3.2
Conjurations   | 1 |  1.2
Fighting       | 1 |  1.3
Dodging        | |  1.5
Stealth        | |  1.5

Action                   || total
-------------------------++-------
Melee: Unarmed           ||    19
 Cast: Shock             ||    50
       Static Discharge  ||     4
  Use: Scroll            ||     2
Armor: Robe              ||    11
Dodge: Dodged            ||    31

Table legend: (Time is in decaauts)
 A = Elapsed time spent in this place.
 B = Non-inter-level travel time spent in this place.
 C = Inter-level travel time spent in this place.
 D = Time resting spent in this place.
 E = Time spent auto-exploring this place.
 F = Levels seen in this place.
 G = Mean time per level.
                   A        B        C        D        E       F      G
               +--------+--------+--------+--------+--------+-----+--------+
         Total |   1633 |   1557 |     76 |    689 |    567 |   2 |  816.5 |
       Dungeon |   1633 |   1557 |     76 |    689 |    567 |   2 |  816.5 |
               +--------+--------+--------+--------+--------+-----+--------+

Top non-repeatable levels by time:
     D:1: 1559 daAuts
     D:2: 74 daAuts
